 Dungeon Crawl Stone Soup version 0.18.1-8-gdd0e5ea (webtiles) character file.

116 Hipnos the Digger (level 5, -3/28 HPs)
             Began as a Gargoyle Earth Elementalist on May 24, 2016.
             Killed by divine providence
             ... invoked by an orc priest
              (12 damage)
             ... on level 3 of the Dungeon.
             The game lasted 00:06:11 (1497 turns).

Hipnos the Digger (Gargoyle Earth Elementalist)     Turns: 1497, Time: 00:06:12

Health: -3/28      AC:  9    Str: 11    XL:     5   Next: 0%
Magic:  9/9        EV: 10    Int: 17    God:
Gold:   67         SH:  0    Dex: 10    Spells: 1 memorised, 9 levels left

rFire  + . .     SeeInvis .     g - +0 whip
rCold  + . .     Gourm    .     f - +0 ring mail (curse)
rNeg   + . .     Faith    .     (no shield)
rPois  ∞         Spirit   .     (no helmet)
rElec  +         Dismiss  .     (no cloak)
rCorr  +         Reflect  .     (no gloves)
SustAt .         Harm     .     (no boots)
MR     .....                    (no amulet)
Stlth  +.........               (no ring)
                                (no ring)

@: exhausted, resistant, slowed, very slow, not resistant to hostile
enchantments, very unstealthy
A: negative energy resistance 1, electricity resistance, unbreathing,
petrification resistance, rot immunity, AC +4
a: no special abilities


You were on level 3 of the Dungeon.
You were very hungry.

You visited 1 branch of the dungeon, and saw 3 of its levels.

You collected 67 gold pieces.

Inventory:

Hand Weapons
 g - a +0 whip (weapon)
Missiles
 b - 111 stones (quivered)
Armour
 a - a +0 robe
 f - a cursed +0 ring mail (worn)
Scrolls
 h - 2 scrolls of enchant weapon
 r - a scroll of amnesia
Potions
 k - a potion of cure mutation
 p - a potion of curing
 q - 2 potions of resistance
Books
 c - a book of Geomancy

   Spells                             Type                      Level
   a - Sandblast                      Earth                        1
   b - Passwall                       Transmutation/Earth          2
   c - Stone Arrow                    Conjuration/Earth            3
   d - Petrify                        Transmutation/Earth          4
   e - Lee's Rapid Deconstruction     Earth                        5
Comestibles
 d - 4 bread rations
 i - 3 meat rations


   Skills:
 + Level 0.9 Armour
 + Level 2.2 Dodging
 - Level 2.2 Stealth
 + Level 3.2 Spellcasting
   Level 0.7 Transmutations
 + Level 4.8 Earth Magic


You had 9 spell levels left.
You knew the following spells:

 Your Spells              Type           Power        Failure   Level  Hunger
a - Sandblast             Erth           ###...       8%          1    None


Dungeon Overview and Level Annotations

Branches:
Dungeon (3/15)

Altars:


Innate Abilities, Weirdness & Mutations

You are resistant to torment.
Your stone body is resilient (AC +4).
You are immune to poison.
You resist negative energy.
You are resistant to electric shocks.
You can survive without breathing.
You are immune to petrification.
You are immune to rotting.


Message History

The orc priest hits you but does no damage.
The adder bites you but does no damage.
You closely miss the orc priest.
The orc priest is heavily wounded.
The bat hits you but does no damage. x2; The orc priest barely misses you.
The adder bites you but does no damage. The bat hits you.
The orc priest closely misses you. The adder bites you but does no damage.
You hit the orc priest.
The orc priest is severely wounded.
The bat hits you but does no damage. The bat closely misses you.
The bat hits you but does no damage. The adder bites you but does no damage.
The orc priest barely misses you. The adder bites you.
The orc priest miscasts a cantrip.
You hit the orc priest.
The orc priest is almost dead.
The bat closely misses you. The bat hits you but does no damage. x2
The adder bites you but does no damage.
The orc priest calls down the wrath of Beogh upon you.
Beogh smites you!
You die...

##########
#b@o......
##S########
#gg...# #...g.#
#.....# #.....#
#.....# .
#....$# .###
#.....#####.#..


You could see an orc priest, an adder, a hobgoblin, a goblin and a bat.

Vanquished Creatures
  An orc priest (D:3)
  3 gnolls (D:3)
  An ooze (D:2)
  2 worms (D:2)
  A dart slug (D:1)
  A giant gecko (D:1)
  3 orcs (D:3)
  A ball python (D:1)
  7 bats
  3 giant cockroaches
  4 goblins
  2 hobgoblins
  3 jackals (D:1)
  2 giant newts (D:2)
  4 kobolds
  5 rats (D:1)
43 creatures vanquished.

Notes
Turn   | Place    | Note
--------------------------------------------------------------
     0 | D:1      | Hipnos the Gargoyle Earth Elementalist began the quest for the Orb.
     0 | D:1      | Reached XP level 1. HP: 10/10 MP: 3/3
   151 | D:1      | Reached XP level 2. HP: 8/15 MP: 0/5
   385 | D:1      | Reached skill level 4 in Earth Magic
   599 | D:1      | Reached XP level 3. HP: 19/19 MP: 2/6
   863 | D:2      | Found a faded altar to an unknown god.
  1427 | D:3      | Reached XP level 4. HP: 24/24 MP: 4/8
  1492 | D:3      | Reached XP level 5. HP: 14/28 MP: 9/9
  1497 | D:3      | Killed from afar by an orc priest

Skill      XL: |  1  2  3  4 |
---------------+-------------+-----
Earth Magic    | 4 |  4.8
Dodging        | 2 |  2.2
Spellcasting   | 3 |  3.2
Armour         | |  0.9
Stealth        | |  2.2
Transmutations | |  0.7

Action                   |  1- 3 |  4- 6 || total
-------------------------+-------+-------++-------
Melee: Whip              |    17 |    23 ||    40
 Cast: Sandblast         |    53 |     6 ||    59
  Use: Scroll            |     7 |     2 ||     9
       Potion            |       |     4 ||     4
  Eat: Chunk             |     2 |       ||     2
Armor: Ring mail         |    34 |    89 ||   123
       Robe              |     1 |       ||     1
Dodge: Dodged            |    47 |    72 ||   119
